 Dungeon Crawl Stone Soup version 0.24-a0-537-g2d01d4ab0a (webtiles) character file.

Game seed: 3445527860994359826

4 Amnesiac the Vexing (level 1, -1/10 HPs)
             Began as a Deep Elf Enchanter on Aug 13, 2019.
             Slain by an adder (4 damage)
             ... on level 3 of the Dungeon.
             The game lasted 00:01:56 (425 turns).

Amnesiac the Vexing (Deep Elf Enchanter)             Turns: 425, Time: 00:01:56

Health: -1/10      AC:  2    Str:  5    XL:     1   Next: 50%
Magic:  4/6        EV: 13    Int: 19    God:
Gold:   17         SH:  0    Dex: 15    Spells: 5/6 levels left

rFire    . . .     SeeInvis .   a - +1 dagger
rCold    . . .     Gourm    .   (no shield)
rNeg     . . .     Faith    .   b - +0 robe
rPois    .         Spirit   .   (no helmet)
rElec    .         Reflect  .   (no cloak)
rCorr    .         Harm     .   (no gloves)
MR       .....                  (no boots)
Stlth    +++.......             (no amulet)
HPRegen  0.03/turn              (no ring)
MPRegen  0.10/turn              (no ring)

@: no status effects
A: no striking features
a: no special abilities


You were on level 3 of the Dungeon.
You were not hungry.

You visited 1 branch of the dungeon, and saw 4 of its levels.

You collected 17 gold pieces.

Inventory:

Hand Weapons
 a - a +1 dagger (weapon)
Armour
 b - a +0 robe (worn)
Jewellery
 c - an uncursed ring of resist corrosion {unknown}
Wands
 e - a wand of acid (7)
Comestibles
 d - 2 rations


   Skills:
 + Level 1.1 Short Blades
 - Level 2.4 Dodging
 + Level 3.7 Stealth
 * Level 3.2 Spellcasting
 - Level 4.0 Hexes


You had 5 spell levels left.
You knew the following spells:

 Your Spells              Type           Power        Failure   Level  Hunger
a - Corona                Hex            ###....      2%          1    None

Your spell library contained the following spells:

 Spells                   Type           Power        Failure   Level  Hunger
 Confuse                  Hex            ###.....     9%          3    ###....
 Tukima's Dance           Hex            ###.....     9%          3    ###....
 Ensorcelled Hibernation  Hex/Ice        ##....       10%         2    ##.....
 Dazzling Spray           Conj/Hex       ##....       21%         3    ###....


Dungeon Overview and Level Annotations

Branches:
Dungeon (4/15)
 Temple: D:4-7

Altars:


Message History

Found 3 javelins.
You now have 17 gold pieces (gained 11).
There is an escape hatch in the ceiling here.
A mysterious force pulls you upwards. The hatch slams shut behind you.
Found a worn wooden wand.
You see here a wand of acid (7).
e - a wand of acid (7)
You aren't carrying any scrolls.
Unknown command.
You aren't carrying any scrolls.
You aren't carrying any potions.
Unknown command.
HP restored.
The phantom is too close now for your liking.
A jackal comes into view.
An adder and 2 jackals come into view.
A bat comes into view.
The adder hisses angrily.
A jackal comes into view.
A frilled lizard comes into view.
The jackal barks! x3; You hear a shout!
The teleport trap disappears.
The jackal disappears!
A hobgoblin comes into view. It is wielding a +0 club.
The bat closely misses you.
Found 20 arrows.
You see here a hand axe.
The frilled lizard hisses angrily.
The bat hits you.
The jackal bites you but does no damage.
The phantom hits you but does no damage.
Casting: Corona (safe; 2% risk of failure)
Confirm with . or Enter, or press ? or * to list all spells.
Aiming: Corona (safe; 2% risk of failure)
Press: ? - help, Shift-Dir - straight line, f - phantom
Aim: a phantom (chance to defeat MR: 38%)
The phantom resists with significant effort.
The jackal misses you. The phantom hits you.
Casting: Corona (safe; 2% risk of failure)
Confirm with . or Enter, or press ? or * to list all spells.
Aiming: Corona (safe; 2% risk of failure)
Press: ? - help, Shift-Dir - straight line, f/p - phantom
Aim: a phantom (chance to defeat MR: 38%)
The phantom resists with significant effort.
The jackal misses you. The adder closely misses you. The phantom hits you.
The phantom blinks!
Casting: Corona (safe; 2% risk of failure)
Confirm with . or Enter, or press ? or * to list all spells.
Aiming: Corona (safe; 2% risk of failure)
Press: ? - help, Shift-Dir - straight line, f/p - phantom
Aim: a phantom (chance to defeat MR: 38%)
The phantom is outlined in light.
The jackal barely misses you. The adder bites you but does no damage.
The jackal bites you.
* * * LOW HITPOINT WARNING * * *
The phantom blinks!
Unknown command.
The adder closely misses you. The phantom hits you.
* * * LOW HITPOINT WARNING * * *
The adder closely misses you.
The phantom blinks!
There is a stone staircase leading up here.
The phantom blinks!
The phantom stops glowing.
The adder bites you.
You die...

#.# #...# #.# #..## #.#
#..## #.# #..<#
#.########.###
#............#
##########...# #..##
##...# #.@.# #....#
#.S.# #....# #..<##
....### #..#h# ...(..#
#..#h# #.#...###
########..#.####h......#
#........W.h##h.b.......
#.###.#.......h#..l....#
#.# #...#.########...###


You could see a phantom, an adder and 2 jackals.

Vanquished Creatures
  A dart slug (D:3)
  A jackal (D:3)
2 creatures vanquished.

Notes
Turn   | Place    | Note
-------+----------+-------------------------------------------
     0 | D:1      | Amnesiac the Deep Elf Enchanter began the quest for the
                  | Orb.
     0 | D:1      | Reached XP level 1. HP: 10/10 MP: 6/6
   200 | D:4      | Noticed a phantom
   276 | D:4      | Noticed a worker ant
   425 | D:3      | Slain by an adder

Levels and vault maps discovered:
D:1:      lemuel_arrival_river_bridge, layout_basic
D:2:      layout_loops_corners, minmay_statues_item, bloody_trog
D:3:      layout_loops_ring, first_ration, nrook_campfire,
          uniq_crazy_yiuf_cottage
D:4:      layout_cave_pools, minmay_temple_entry_grid, uniq_blork_the_orc

Action                   || total
-------------------------++-------
Melee: Dagger            ||    18
 Cast: Corona            ||     8
Armor: Robe              ||     7
Dodge: Dodged            ||    30

Table legend:
 A = Non-vault XP
 B = Vault XP
 C = Vault XP percentage of total XP
 D = Non-vault monster count
 E = Vault monster count
 F = Vault count percentage of total count
                 A         B        C        D         E       F
            +---------+---------+-------+---------+---------+-------
      Total |       6 |       0 |   0.0 |       2 |       0 |   0.0
            +---------+---------+-------+---------+---------+-------
        D:3 |       6 |       0 |   0.0 |       2 |       0 |   0.0
            +---------+---------+-------+---------+---------+-------
